 Dungeon Crawl Stone Soup version 0.32-a0-599-gba8f9cf90e (webtiles) character file.

Game seed: 5556301906835379177

30 Sabo the Charlatan (level 3, -3/20 HPs)
             Began as a Gargoyle Artificer on Mar 2, 2024.
             Killed from afar by Natasha (8 damage)
             ... with a magic dart
             ... on level 2 of the Dungeon.
             The game lasted 00:05:04 (1011 turns).

Sabo the Charlatan (Gargoyle Artificer)             Turns: 1011, Time: 00:05:06

Health: -3/20      AC:  8    Str: 17    XL:     3   Next: 20%
Magic:  3/3        EV: 11    Int: 11    God:
Gold:   81         SH:  0    Dex: 10    Spells: 2/2 levels left

rFire   + . .        o - +0 morningstar
rCold   . . .        (no shield)
rNeg    + . .        a - +2 robe {rF+}
rPois   ∞            (no helmet)
rElec   +            q - +0 cloak
rCorr   .            (no gloves)
SInv    +            (no boots)
Will    +....        (no amulet)
Stlth   +            h - ring of willpower
HPRegen 0.23/turn    j - ring of see invisible
MPRegen 0.08/turn

%: no passive effects
@: no status effects
A: sickness immunity, AC +3, negative energy resistance 1, electricity
resistance, torment resistance 1, petrification resistance
a: no special abilities


You were on level 2 of the Dungeon.
You visited 1 branch of the dungeon, and saw 2 of its levels.

You collected 81 gold pieces.

Inventory:

Hand Weapons
 n - a +0 falchion
 o - a +0 morningstar (weapon)
Armour
 a - a +2 robe of fire resistance (worn)
 q - a +0 cloak (worn)
Jewellery
 h - a ring of willpower (left hand)
 j - a ring of see invisible (right hand)
Wands
 b - a wand of polymorph (15)
 c - a wand of flame (15) (quivered)
 d - a wand of charming (15)
 e - a wand of iceblast (5)
Scrolls
 l - a scroll of identify {unknown}
Potions
 f - a potion of degeneration {unknown}
 g - a potion of might {unknown}
 i - a potion of invisibility {unknown}
 k - 2 potions of heal wounds {unknown}
 m - a potion of curing {unknown}
 p - a potion of magic {unknown}


   Skills:
 + Level 1.3 Fighting
 + Level 0.7 Maces & Flails
 + Level 2.2 Armour
 + Level 0.8 Dodging
 + Level 1.2 Stealth
 + Level 3.5 Evocations


You had 2 spell levels left.
You didn't know any spells.
Your spell library contained the following spells:

 Spells                   Type           Power      Damage    Failure   Level
 Call Imp                 Summ           0%         N/A       47%         2
 Summon Hydra             Summ           0%         N/A       100%        7
 Sublimation of Blood     Necr           Unusable   N/A       N/A         2

Dungeon Overview and Level Annotations

Branches:
Dungeon (2/15)

Altars:

Annotations:
D:2 Natasha, Terence


Innate Abilities, Weirdness & Mutations

You are immune to sickness and miasma.
Your stone body is resilient. (AC +3)
You are immune to poison.
You resist negative energy. (rN+)
You are resistant to electric shocks. (rElec)
You are resistant to unholy torment.
You are immune to petrification.


Message History

You barely miss the quokka.
The quokka is heavily wounded.
The quokka bites you but does no damage.
The quokka bites you.
You hit the quokka.
You kill the quokka!
You now have 81 gold pieces (gained 3).
Found a cloak.
You see here a +0 cloak.
q - a +0 cloak You start putting on your armour.
You continue putting on your +0 cloak. x4
You finish putting on your +0 cloak.
Terence and Natasha come into view.
Terence is wielding the +7 Throatcutter {drain, coup de grace}.
Found a sling.
Terence shouts!
Natasha hisses angrily.
Natasha stares at you and mumbles some strange words.
You resist with almost no effort.
You hit Terence.
Terence is moderately wounded.
Terence bares his teeth.
Terence closely misses you. Terence barely misses you.
You closely miss Terence.
Terence is moderately wounded.
Natasha closely misses you.
Terence hits you with the +7 Throatcutter!
Ouch! That really hurt!
Natasha closely misses you.
You barely miss Terence.
Terence is moderately wounded.
Terence closely misses you. Natasha misses you.
You closely miss Terence.
Terence is moderately wounded.
Terence barely misses you. Natasha claws you.
* * * LOW HITPOINT WARNING * * *
Terence barely misses you. Natasha casts a spell at you.
The magic dart hits you!
You die...
Natasha curls up and begins to purr.

....###.........
#.#.#..##.........
#.#.##.##.#......#
#.#.##...........#
#.#.##............
###.................
####......)............
#).....................
#....@@..........#.....
###...h................
#..............#.....
#..........##..#.....
#..........##.##.....
#..........#### ...
#..........#
########...#


You could see Terence and Natasha.

Vanquished Creatures
  5 endoplasms
  A hobgoblin (D:1)
  6 kobolds (D:1)
  2 quokkas
  3 ball pythons (D:1)
  3 bats (D:1)
  2 frilled lizards (D:1)
  4 goblins (D:1)
  A rat (D:1)
27 creatures vanquished.

Notes
Turn   | Place    | Note
-------+----------+-------------------------------------------
     0 | D:1      | Sabo the Gargoyle Artificer began the quest for the Orb.
     0 | D:1      | Reached XP level 1. HP: 12/12 MP: 1/1
    35 | D:1      | Found a faded altar of an unknown god.
    79 | D:1      | Reached skill level 3 in Evocations
   161 | D:1      | Reached XP level 2. HP: 13/16 MP: 2/2
   539 | D:1      | Reached XP level 3. HP: 16/20 MP: 3/3
  1003 | D:2      | Noticed Terence
  1003 | D:2      | Noticed Natasha
  1011 | D:2      | Killed from afar by Natasha

Illustrated notes

Levels and vault maps discovered:
D:1:      reono_arrival_forest_river, layout_rooms, basic_ecumenical_altar,
          minmay_ruptured
D:2:      layout_rooms, kennysheep_nondescript, uniq_terence, uniq_natasha

Skill      XL: |  1 |
---------------+----+-----
Evocations     | 3 |  3.5
Fighting       | |  1.3
Maces & Flails | |  0.7
Armour         | |  2.2
Dodging        | |  0.8
Stealth        | |  1.2

Action                     || total
---------------------------++-------
  Melee: Club              ||    70
         Falchion          ||    27
         Morningstar       ||    11
 Armour: Leather armour    ||    94
         Robe              ||     9
  Dodge: Dodged            ||    98

Table legend: (Time is in decaauts)
 A = Elapsed time spent in this place.
 B = Non-inter-level travel time spent in this place.
 C = Inter-level travel time spent in this place.
 D = Time resting spent in this place.
 E = Time spent auto-exploring this place.
 F = Levels seen in this place.
 G = Mean time per level.
                   A        B        C        D        E       F      G
               +--------+--------+--------+--------+--------+-----+--------+
         Total |   1046 |   1046 |      0 |    221 |      0 |   2 |  523.0 |
       Dungeon |   1046 |   1046 |      0 |    221 |      0 |   2 |  523.0 |
               +--------+--------+--------+--------+--------+-----+--------+

Top non-repeatable levels by time:
     D:1: 918 daAuts
     D:2: 127 daAuts
